 Dungeon Crawl Stone Soup version 0.25-a0-474-ga8a2ee3166 (webtiles) character file.

Game seed: 8806892720412576677, levelgen mode: deterministic

2433 Eurus the Magician (level 9, -2/62 HPs)
             Began as a Mummy Conjurer on Feb 8, 2020.
             Was an Initiate of Ashenzari.
             Slain by Duvessa
             ... wielding a +0 short sword
              (12 damage)
             ... on level 7 of the Dungeon.
             The game lasted 00:22:42 (8845 turns).

Eurus the Magician (Mummy Conjurer)                 Turns: 8845, Time: 00:22:43

Health: -2/62      AC:  3    Str: 12    XL:     9   Next: 24%
Magic:  2/20       EV: 12    Int: 17    God:    Ashenzari [......]
Gold:   368        SH:  0    Dex: 12    Spells: 15/22 levels left

rFire    x . .     SeeInvis .   s - +2 short sword (freeze)
rCold    + . .     Gourm    .   (no shield)
rNeg     + + +     Faith    .   a - +0 robe
rPois    ∞         Spirit   .   (no helmet)
rElec    .         Reflect  .   (no cloak)
rCorr    .         Harm     .   k - +0 pair of gloves
MR       +....                  (no boots)
Stlth    +++.......             (no amulet)
HPRegen  0.20/turn              h - ring of stealth
MPRegen  0.17/turn              (no ring)

@: no status effects
A: no food or potions, fire vulnerability, cold resistance 1, negative energy
resistance 3, torment resistance, unbreathing
a: Curse Item, Renounce Religion


You were on level 7 of the Dungeon.
You worshipped Ashenzari.
Ashenzari was noncommittal.
You were not hungry.

You visited 2 branches of the dungeon, and saw 8 of its levels.

You collected 368 gold pieces.

Inventory:

Hand Weapons
 s - a +2 short sword of freezing (weapon)
Armour
 a - a +0 robe (worn)
 j - a +0 shield
 k - a +0 pair of gloves (worn)
Jewellery
 g - an uncursed amulet of regeneration
 h - a ring of stealth (left hand)
Wands
 l - a wand of flame (16)
 n - a wand of scattershot (4)
 o - a wand of polymorph (9)
Scrolls
 b - 9 scrolls of identify
 c - 3 scrolls of enchant weapon
 d - 3 scrolls of teleportation
 e - 2 scrolls of immolation
 f - a scroll of remove curse
 i - 3 scrolls of magic mapping
 m - 2 scrolls of enchant armour
 p - a scroll of amnesia
 q - a scroll of fog
 r - a scroll of fear


   Skills:
 - Level 2.3 Fighting
 - Level 1.3 Armour
 - Level 1.5 Dodging
 - Level 1.5 Stealth
 * Level 5.7 Shields
 + Level 7.4 Spellcasting
 + Level 5.9 Conjurations
 + Level 4.1 Translocations


You had 15 spell levels left.
You knew the following spells:

 Your Spells              Type           Power        Failure   Level  Hunger
a - Magic Dart            Conj           ####         1%          1    N/A
b - Searing Ray           Conj           ####..       1%          2    N/A
c - Iskenderun's Mystic   Conj/Tloc      ###.....     14%         4    N/A

Your spell library contained the following spells:

 Spells                   Type           Power        Failure   Level  Hunger
 Dazzling Flash           Conj/Hex       ###...       10%         3    N/A
 Fulminant Prism          Conj/Hex       ###.......   32%         4    N/A

Dungeon Overview and Level Annotations

Branches:
Dungeon (7/15)             Temple (1/1) D:5

Altars:
Ashenzari
Cheibriados
Fedhas
Gozag
Hepliaklqana
Kikubaaqudgha
Makhleb
Nemelex Xobeh
Okawaru
Qazlal
Ru
Sif Muna
Trog
Wu Jian
Xom
Zin
Lugonu

Annotations:
D:7 Duvessa


Innate Abilities, Weirdness & Mutations

You do not eat or drink.
Your flesh is vulnerable to fire.
You are immune to poison.
Your flesh is cold resistant. (rC+)
You are immune to negative energy. (rN+++)
You are immune to unholy pain and torment.
You can survive without breathing.


Message History

The searing ray hits Duvessa.
Duvessa is heavily wounded.
Duvessa misses you.
The searing ray misses Duvessa.
Duvessa hits you with a +0 short sword! Duvessa hits you but does no damage.
The searing ray hits Duvessa but does no damage.
Duvessa is heavily wounded.
You finish channeling your searing ray.
Duvessa hits you with a +0 short sword.
Casting: Searing Ray (safe; 1% risk of failure)
Confirm with . or Enter, or press ? or * to list all spells.
Aiming: Searing Ray (safe; 1% risk of failure)
Press: ? - help, Shift-Dir - straight line, f/p - Duvessa
Aim: Duvessa, wielding a +0 short sword, wearing a cursed +0 ring mail and quivering 26 stones (heavily wounded, berserk, fast, unusually strong)
The searing ray hits Duvessa.
Duvessa is severely wounded. (Press . to maintain the ray.) Duvessa hits you with a +0 short sword!
* * * LOW HITPOINT WARNING * * *
Duvessa hits you with a +0 short sword!
You die...

###'##.......
#...####.###. #####
##.....##.# #.
#####...####..≈§≈..# #
#. #..........'...§...+
#. #(###...####..≈.≈..#
####.###.)######.....##
#......#....##.##...##
#.##.#.#.##@e...##+##
#.##.#.#.#####).##
#.##.#.#.............>
#.##.#.###....e.......
#.##(#.##...%.#.......
#......##.....##.###..
####÷####.....# .# .
###.# #.....# .# #...#
#.....##.#


You could see Duvessa (berserk).

Vanquished Creatures
  Pikel (D:4)
  A sky beast (D:5)
  An ice beast (D:5)
  A necrophage (D:5)
  An ogre (D:6)
  4 bullfrogs
  A gnoll sergeant (D:6)
  Dowan (D:7)
  2 scorpions
  5 killer bees (D:7)
  2 howler monkeys
  A crimson imp (D:6)
  4 hounds
  3 jellies
  2 bullfrog skeletons
  2 orc wizards
  2 orc priests
  4 centaur skeletons
  An iguana (D:6)
  3 worker ants
  A hound skeleton (D:5)
  A worker ant zombie (D:5)
  4 gnolls (D:6)
  6 adders
  An ooze (D:2)
  2 adder skeletons
  2 adder zombies
  2 worms (D:2)
  A dart slug (D:1)
  4 leopard geckos
  19 orcs
  5 giant cockroaches
  5 goblins
  13 hobgoblins
  2 jackals (D:1)
  4 kobolds
  3 quokkas
  4 bats
  6 frilled lizards
  A leopard gecko skeleton (D:4)
  5 rats
133 creatures vanquished.

Notes
Turn   | Place    | Note
-------+----------+-------------------------------------------
     0 | D:1      | Eurus the Mummy Conjurer began the quest for the Orb.
     0 | D:1      | Reached XP level 1. HP: 13/13 MP: 4/4
   319 | D:1      | Reached skill level 3 in Spellcasting
   460 | D:1      | Reached XP level 2. HP: 17/20 MP: 1/6
   501 | D:1      | Learned a level 2 spell: Searing Ray
   664 | D:1      | Reached skill level 1 in Fighting
  1424 | D:2      | Reached XP level 3. HP: 22/26 MP: 1/7
  1682 | D:2      | Found a stormy altar of Qazlal.
  1795 | D:2      | Found a hazy altar of Hepliaklqana.
  1946 | D:3      | Noticed a bullfrog
  2464 | D:3      | Found a blossoming altar of Fedhas.
  2464 | D:3      | Found a sparkling altar of Nemelex Xobeh.
  2489 | D:3      | Reached XP level 4. HP: 30/33 MP: 5/9
  2498 | D:3      | Learned a level 4 spell: Iskenderun's Mystic Blast
  2582 | D:3      | Found a shimmering blue altar of Sif Muna.
  2752 | D:3      | Reached skill level 4 in Spellcasting
  2756 | D:3      | Reached XP level 5. HP: 38/38 MP: 1/11
  3139 | D:3      | Reached skill level 1 in Armour
  3139 | D:3      | Reached skill level 1 in Translocations
  3574 | D:4      | Found a snail-covered altar of Cheibriados.
  3697 | D:4      | Reached XP level 6. HP: 45/45 MP: 6/12
  3747 | D:4      | Reached skill level 1 in Shields
  4674 | D:5      | Entered Level 5 of the Dungeon
  4889 | D:5      | Noticed an ice beast
  4907 | D:4      | Reached skill level 5 in Spellcasting
  4952 | D:5      | Reached XP level 7. HP: 48/51 MP: 9/14
  5799 | D:5      | Noticed Pikel
  5841 | D:4      | Killed Pikel
  5841 | D:4      | Reached skill level 6 in Spellcasting
  5841 | D:4      | Reached skill level 5 in Conjurations
  5841 | D:4      | Reached XP level 8. HP: 4/57 MP: 2/17
  6256 | D:5      | Found a staircase to the Ecumenical Temple.
  6266 | Temple   | Entered the Ecumenical Temple
  6305 | Temple   | Became a worshipper of Ashenzari the Shackled
  7294 | D:6      | Found a glowing silver altar of Zin.
  7631 | D:6      | Reached skill level 5 in Shields
  8173 | D:7      | Reached skill level 7 in Spellcasting
  8203 | D:7      | Found a glowing silver altar of Zin.
  8322 | D:7      | Reached XP level 9. HP: 46/62 MP: 10/19
  8416 | D:7      | Noticed Dowan
  8616 | D:7      | Found an ancient bone altar of Kikubaaqudgha.
  8742 | D:7      | Noticed Duvessa
  8829 | D:7      | Killed Dowan
  8845 | D:7      | Slain by Duvessa

Levels and vault maps discovered:
D:1:      erik_arrival_blinker_ship, layout_loops_ring, minmay_misc_feat_rugged,
          feat_on_display
D:2:      layout_rooms, grunt_qazlal_clouds, nicolae_overflow_crystal_walls,
          first_ration
D:3:      layout_basic, lemuel_blue_sif_altar, gammafunk_temple_overflow_statue
D:4:      layout_loops_corners, lemuel_coloured_pillars_altar
D:5:      layout_loops_ring, minmay_temple_entry_fiery, uniq_pikel
D:6:      layout_basic, zin_academy
D:7:      layout_loops_cross, kiku_gazebo_pond_becter, marbit_many_paths,
          serial_shops, shop_fountains, kennysheep_small_circle, uniq_maggie,
          uniq_duvessa
Temple:   corrupted_temple

Skill      XL: |  1  2  3  4  5  6  7  8  9 |
---------------+----------------------------+-----
Spellcasting   | 3 4 5 6 7 |  7.4
Fighting       | 1 2 |  2.3
Conjurations   | 4 5 |  5.9
Armour         | 1 |  1.3
Translocations | 1 2 3 4 |  4.1
Shields        | 2 4 5 |  5.7
Dodging        | |  1.5
Stealth        | |  1.5

Action                   |  1- 3 |  4- 6 |  7- 9 || total
-------------------------+-------+-------+-------++-------
Melee: Unarmed           |    35 |       |       ||    35
       Club              |     7 |       |       ||     7
       Dagger            |    16 |    27 |    12 ||    55
       Short sword       |       |       |     2 ||     2
 Cast: Magic Dart        |    74 |    47 |    29 ||   150
       Searing Ray       |     4 |    21 |    53 ||    78
  Use: Scroll            |       |       |    10 ||    10
 Stab: Sleeping          |     1 |       |     1 ||     2
Armor: Robe              |    23 |     8 |    11 ||    42
Dodge: Dodged            |    62 |    41 |    61 ||   164

Table legend:
 A = Non-vault XP
 B = Vault XP
 C = Vault XP percentage of total XP
 D = Non-vault monster count
 E = Vault monster count
 F = Vault count percentage of total count
                 A         B        C        D         E       F
            +---------+---------+-------+---------+---------+-------
      Total |    2743 |     733 |  21.1 |     129 |       4 |   3.0
            +---------+---------+-------+---------+---------+-------
        D:1 |      34 |       0 |   0.0 |      18 |       0 |   0.0
        D:2 |      59 |       0 |   0.0 |      21 |       0 |   0.0
        D:3 |     205 |       0 |   0.0 |      19 |       0 |   0.0
        D:4 |     324 |     641 |  66.4 |      14 |       1 |   6.7
        D:5 |     757 |       0 |   0.0 |      23 |       0 |   0.0
        D:6 |     667 |       0 |   0.0 |      20 |       0 |   0.0
        D:7 |     697 |      92 |  11.7 |      14 |       3 |  17.6
            +---------+---------+-------+---------+---------+-------
